[Event "Spanish Blitz Championship 2024"]
[Site "Mengibar"]
[Date "2024.08.16"]
[Round "1.1"]
[White "Zapata Campos, Lidia Karen"]
[Black "Ibarra Jerez, Jose Carlos"]
[Result "0-1"]
[ECO "B23"]
[WhiteElo "2053"]
[BlackElo "2559"]
[Annotator "ChessBase"]
[PlyCount "70"]
[EventDate "2024.08.12"]
[EventType "swiss"]
[EventCountry "ESP"]
[SourceTitle "playchess.com"]
[Source "ChessBase"]
[SourceQuality "1"]
[TimeControl "180+2"]

1. e4 c5 2. Nc3 a6 3. d3 b5 4. g3 Bb7 5. Bg2 e6 6. h4 Nf6 7. Nf3 d6 8. Ne2 Nbd7 9. O-O Qc7 10. Bf4 Be7 11. Rc1 h6 12. Re1 O-O 13. Qd2 Rfe8 14. Kh2 e5 15. Be3 Ng4+ 16. Kg1 Ndf6 17. Nh2 Nxe3 18. Qxe3 d5 19. g4 Qd6 20. Ng3 d4 21. Qd2 Qe6 22. Nf5 Bf8 23. Bf3 Nh7 24. Kh1 Kh8 25. Rg1 c4 26. Rg3 Rac8 27. g5 h5 28. Bxh5 g6 29. Bg4 gxf5 30. Bxf5 Qxf5 31. Rf3 Qe6 32. Rg1 Be7 33. Ng4 Rg8 34. Rf5 Qxf5 35. Kh2 Qf4+ 0-1

[Event "Spanish Blitz Championship 2024"]
[Site "Mengibar"]
[Date "2024.08.16"]
[Round "1.2"]
[White "Santos Ruiz, Miguel"]
[Black "Lobo Pereira, Arami"]
[Result "1-0"]
[ECO "B13"]
[WhiteElo "2601"]
[BlackElo "1944"]
[Annotator "ChessBase"]
[PlyCount "65"]
[EventDate "2024.08.12"]
[EventType "swiss"]
[EventCountry "ESP"]
[SourceTitle "playchess.com"]
[Source "ChessBase"]
[SourceQuality "1"]
[TimeControl "180+2"]

1. e4 c6 2. d4 d5 3. exd5 cxd5 4. Bd3 Nc6 5. c3 Nf6 6. Nf3 Bg4 7. h3 Bh5 8. Bf4 e6 9. Nbd2 Bd6 10. Bxd6 Qxd6 11. O-O O-O 12. Re1 Rfe8 13. Qb3 a6 14. a4 Rab8 15. Qc2 e5 16. dxe5 Nxe5 17. Nxe5 Rxe5 18. Rxe5 Qxe5 19. Nb3 Qg5 20. Nd4 Re8 21. Qb3 Qd2 22. Bf1 Ne4 23. Qc2 Qxc2 24. Nxc2 Bg6 25. Ne3 Nf6 26. Rd1 Be4 27. Rd4 h5 28. g3 Kf8 29. Bg2 g6 30. Nxd5 Bxg2 31. Nxf6 Bc6 32. Nxe8 Kxe8 33. a5 1-0

[Event "Spanish Blitz Championship 2024"]
[Site "Mengibar"]
[Date "2024.08.16"]
[Round "1.3"]
[White "Iturrizaga Bonelli, Eduardo"]
[Black "Martin Perez, Laura"]
[Result "1-0"]
[ECO "A35"]
[WhiteElo "2577"]
[BlackElo "2093"]
[Annotator "ChessBase"]
[PlyCount "63"]
[EventDate "2024.08.12"]
[EventType "swiss"]
[EventCountry "ESP"]
[SourceTitle "playchess.com"]
[Source "ChessBase"]
[SourceQuality "1"]
[TimeControl "180+2"]

1. c4 Nf6 2. Nc3 c5 3. Nf3 Nc6 4. d4 cxd4 5. Nxd4 g6 6. g3 Bg7 7. Bg2 O-O 8. O-O d6 9. e3 Ng4 10. h3 Nxd4 11. exd4 Nh6 12. Bxh6 Bxh6 13. Re1 Rb8 14. Qb3 Bg7 15. Rad1 Re8 16. Nd5 Be6 17. Nf4 Bd7 18. h4 Bc6 19. c5 Bxg2 20. Kxg2 Qc7 21. Qa3 dxc5 22. dxc5 Qc6+ 23. Kg1 a6 24. b4 e6 25. Rd6 Qc7 26. Red1 Red8 27. Qd3 Bf6 28. Qe4 Be7 29. Nxe6 Rxd6 30. cxd6 Qd7 31. Nc5 Qd8 32. Qxe7 1-0

[Event "Spanish Blitz Championship 2024"]
[Site "Mengibar"]
[Date "2024.08.16"]
[Round "1.4"]
[White "Cuesta Bustos, Raul"]
[Black "Shirov, Alexei"]
[Result "0-1"]
[ECO "C58"]
[WhiteElo "1985"]
[BlackElo "2665"]
[Annotator "ChessBase"]
[PlyCount "28"]
[EventDate "2024.08.12"]
[EventType "swiss"]
[EventCountry "ESP"]
[SourceTitle "playchess.com"]
[Source "ChessBase"]
[SourceQuality "1"]
[TimeControl "180+2"]

1. e4 e5 2. Nf3 Nc6 3. Bc4 Nf6 4. Ng5 d5 5. exd5 Na5 6. d3 h6 7. Nf3 e4 8. Qe2 Nxc4 9. dxc4 Bc5 10. Nfd2 O-O 11. Nb3 Bg4 12. Qd2 e3 13. fxe3 Ne4 14. Qd3 Qh4+ 0-1

[Event "Spanish Blitz Championship 2024"]
[Site "Mengibar"]
[Date "2024.08.16"]
[Round "1.5"]
[White "Santos Latasa, Jaime"]
[Black "Calvo Gomez, Unai"]
[Result "1-0"]
[ECO "A06"]
[WhiteElo "2624"]
[BlackElo "1966"]
[Annotator "ChessBase"]
[PlyCount "47"]
[EventDate "2024.08.12"]
[EventType "swiss"]
[EventCountry "ESP"]
[SourceTitle "playchess.com"]
[Source "ChessBase"]
[SourceQuality "1"]
[TimeControl "180+2"]

1. Nf3 d5 2. e3 c5 3. d4 Nc6 4. Nbd2 Nf6 5. a3 e6 6. dxc5 Bxc5 7. b4 Bd6 8. Bb2 Qc7 9. c4 Ne5 10. Rc1 Nxf3+ 11. Nxf3 Qe7 12. cxd5 exd5 13. Bb5+ Bd7 14. Bxf6 gxf6 15. Qxd5 Bxb4+ 16. Ke2 Bxa3 17. Rc7 Rd8 18. Rxd7 Rxd7 19. Rd1 O-O 20. Qxd7 Qb4 21. Bd3 a5 22. Rb1 Qc3 23. Qg4+ Kh8 24. Qf5 1-0

[Event "Spanish Blitz Championship 2024"]
[Site "Mengibar"]
[Date "2024.08.16"]
[Round "1.6"]
[White "Ramirez Aguado, Alvaro"]
[Black "Vazquez Igarza, Renier"]
[Result "1/2-1/2"]
[ECO "B46"]
[WhiteElo "2066"]
[BlackElo "2504"]
[Annotator "ChessBase"]
[PlyCount "118"]
[EventDate "2024.08.12"]
[EventType "swiss"]
[EventCountry "ESP"]
[SourceTitle "playchess.com"]
[Source "ChessBase"]
[SourceQuality "1"]
[TimeControl "180+2"]

1. e4 c5 2. Nc3 Nc6 3. Nge2 e6 4. d4 cxd4 5. Nxd4 a6 6. Nxc6 bxc6 7. Bd3 d5 8. O-O Nf6 9. Re1 Bb7 10. e5 Nd7 11. Na4 Nb6 12. Nxb6 Qxb6 13. b3 c5 14. c4 dxc4 15. Bxc4 Rd8 16. Qg4 h5 17. Qg5 g6 18. Qf6 Qc6 19. f3 Rg8 20. Bg5 Rd7 21. Qf4 Be7 22. Bxe7 Kxe7 23. Qf6+ Ke8 24. Rad1 Qc7 25. Rd6 Qd8 26. Rxe6+ Kf8 27. Bxa6 Qxf6 28. Rxf6 Bxa6 29. Rxa6 Kg7 30. e6 Rd2 31. Ra7 Rf8 32. e7 Re8 33. Rc7 Rxa2 34. Rd7 Raa8 35. Kf2 Kf6 36. g4 hxg4 37. fxg4 g5 38. Kf3 Ra6 39. Kg3 Re6 40. Rf1+ Kg6 41. Rf5 R8xe7 42. Rxe7 Rxe7 43. Rxc5 Re3+ 44. Kg2 Rxb3 45. Rc6+ f6 46. Rc5 Kf7 47. Rc6 Ke7 48. Ra6 Re3 49. Rb6 Rd3 50. Ra6 Rd4 51. Kg3 Rd3+ 52. Kg2 Rd6 53. Ra5 Ke6 54. Kg3 Rd3+ 55. Kg2 Rd5 56. Rxd5 Kxd5 57. Kg3 Ke4 58. h4 gxh4+ 59. Kxh4 Kd5 1/2-1/2

[Event "Spanish Blitz Championship 2024"]
[Site "Mengibar"]
[Date "2024.08.16"]
[Round "1.7"]
[White "Chigaev, Maksim"]
[Black "Garcia Rodriguez, Angel"]
[Result "1-0"]
[ECO "C00"]
[WhiteElo "2628"]
[BlackElo "1985"]
[Annotator "ChessBase"]
[PlyCount "61"]
[EventDate "2024.08.12"]
[EventType "swiss"]
[EventCountry "ESP"]
[SourceTitle "playchess.com"]
[Source "ChessBase"]
[SourceQuality "1"]
[TimeControl "180+2"]

1. e4 e6 2. d3 d5 3. Nd2 dxe4 4. dxe4 Nf6 5. Ngf3 Be7 6. Bb5+ c6 7. Bd3 Nbd7 8. O-O Nc5 9. Qe2 Nxd3 10. cxd3 O-O 11. Nc4 b6 12. Rd1 Ba6 13. Bf4 Nh5 14. Be5 Bf6 15. Qe3 g6 16. Rac1 Bxe5 17. Ncxe5 c5 18. d4 cxd4 19. Rxd4 Qe7 20. Qh6 Rfc8 21. Rd7 Rxc1+ 22. Qxc1 Qe8 23. g4 Rc8 24. Qh6 Nf6 25. Rxf7 Qxf7 26. Nxf7 Kxf7 27. h3 Rc5 28. e5 Ng8 29. Qxh7+ Kf8 30. Ng5 Rc1+ 31. Kh2 1-0

[Event "Spanish Blitz Championship 2024"]
[Site "Mengibar"]
[Date "2024.08.16"]
[Round "1.8"]
[White "Sanjuan Garcia, Miguel"]
[Black "Tejedor Fuente, Enrique"]
[Result "0-1"]
[ECO "B48"]
[WhiteElo "1963"]
[BlackElo "2387"]
[Annotator "ChessBase"]
[PlyCount "47"]
[EventDate "2024.08.12"]
[EventType "swiss"]
[EventCountry "ESP"]
[SourceTitle "playchess.com"]
[Source "ChessBase"]
[SourceQuality "1"]
[TimeControl "180+2"]

1. e4 c5 2. Nc3 Nc6 3. Nf3 e6 4. d4 cxd4 5. Nxd4 Qc7 6. Be3 Nf6 7. Be2 a6 8. f4 d6 9. Qd2 Be7 10. g4 Nd7 11. g5 Nc5 12. Bf3 Na5 13. Qe2 Nc6 14. O-O-O Bd7 15. f5 Ne5 16. Rhg1 O-O-O 17. Kb1 Kb8 18. Bf4 Ka8 19. h4 Nc6 20. Qh2 Rhe8 21. Nb3 Ne5 22. Nd4 Bc8 23. Bh1 Bf8 24. Qh3 0-1

[Event "Spanish Blitz Championship 2024"]
[Site "Mengibar"]
[Date "2024.08.16"]
[Round "2.1"]
[White "Ibarra Jerez, Jose Carlos"]
[Black "Rodriguez Morales, Alberto"]
[Result "1-0"]
[ECO "B10"]
[WhiteElo "2559"]
[BlackElo "2142"]
[Annotator "ChessBase"]
[PlyCount "127"]
[EventDate "2024.08.12"]
[EventType "swiss"]
[EventCountry "ESP"]
[SourceTitle "playchess.com"]
[Source "ChessBase"]
[SourceQuality "1"]
[TimeControl "180+2"]

1. e4 c6 2. Nf3 d5 3. d3 dxe4 4. dxe4 Qxd1+ 5. Kxd1 Bg4 6. Be2 Nd7 7. Nfd2 Bxe2+ 8. Kxe2 O-O-O 9. a4 e5 10. Nc4 f6 11. Nbd2 Nb6 12. a5 Nxc4 13. Nxc4 Bc5 14. c3 a6 15. b4 Ba7 16. h4 Ne7 17. h5 Rd7 18. Ra2 Rhd8 19. Rd2 Rxd2+ 20. Bxd2 Kc7 21. Rh3 Nc8 22. h6 g6 23. f4 Nd6 24. Nxd6 Kxd6 25. Rd3+ Kc7 26. Rf3 Rd7 27. fxe5 fxe5 28. Bg5 c5 29. Rf8 cxb4 30. cxb4 Rd4 31. Kf3 Rd3+ 32. Kg4 Rd7 33. Bf6 Bd4 34. Rh8 Kc6 35. Bg7 Rf7 36. g3 Be3 37. Rxh7 Bxh6 38. Rxh6 Rxg7 39. Kg5 Kb5 40. Rxg6 Rxg6+ 41. Kxg6 Kxb4 42. g4 Kxa5 43. Kf5 b5 44. g5 b4 45. g6 b3 46. g7 b2 47. g8=Q b1=Q 48. Qd8+ Qb6 49. Qd5+ Qb5 50. Kxe5 Ka4 51. Kd4 Qb2+ 52. Kd3 Qb1+ 53. Kc3 Qc1+ 54. Kd4 Qd2+ 55. Kc5 Qa5+ 56. Kc6 Qc3+ 57. Kb6 Qb4+ 58. Kxa6 Qb8 59. Qc6+ Ka3 60. Qc5+ Ka4 61. Qc4+ Ka3 62. Qc3+ Ka4 63. Qa5+ Kb3 64. Qb5+ 1-0

[Event "Spanish Blitz Championship 2024"]
[Site "Mengibar"]
[Date "2024.08.16"]
[Round "2.2"]
[White "Garcia Garcia, Samuel"]
[Black "Santos Ruiz, Miguel"]
[Result "0-1"]
[ECO "A40"]
[WhiteElo "2182"]
[BlackElo "2601"]
[Annotator "ChessBase"]
[PlyCount "84"]
[EventDate "2024.08.12"]
[EventType "swiss"]
[EventCountry "ESP"]
[SourceTitle "playchess.com"]
[Source "ChessBase"]
[SourceQuality "1"]
[TimeControl "180+2"]

1. d4 Nf6 2. c4 e6 3. g3 d5 4. Nf3 Bb4+ 5. Bd2 Be7 6. Bg2 c6 7. O-O Nbd7 8. Qc2 Ne4 9. Nc3 Nxd2 10. Nxd2 O-O 11. e4 dxe4 12. Ndxe4 f5 13. Nd2 e5 14. d5 e4 15. Nb3 Ne5 16. Rad1 Qe8 17. d6 Bf6 18. c5 Bd7 19. Nd4 Kh8 20. Rfe1 Qg6 21. Nde2 Qh6 22. Kh1 Ng4 23. h3 Nxf2+ 24. Kh2 Nxd1 25. Rxd1 Be5 26. Rf1 Qe3 27. Nf4 Qxc5 28. Qe2 Qxd6 29. Qh5 Be8 30. Qe2 Qe7 31. Nd1 Rd8 32. Ne3 g6 33. Nc4 Bg7 34. b3 Bf7 35. h4 Bxc4 36. Qxc4 Rd6 37. h5 Be5 38. hxg6 hxg6 39. Bh3 Kg7 40. Kg2 Bxf4 41. Rxf4 Qe5 42. Rf2 Rd3 0-1

[Event "Spanish Blitz Championship 2024"]
[Site "Mengibar"]
[Date "2024.08.16"]
[Round "2.3"]
[White "Gomez Dominguez, Xabier"]
[Black "Iturrizaga Bonelli, Eduardo"]
[Result "0-1"]
[ECO "B23"]
[WhiteElo "2139"]
[BlackElo "2577"]
[Annotator "ChessBase"]
[PlyCount "54"]
[EventDate "2024.08.12"]
[EventType "swiss"]
[EventCountry "ESP"]
[SourceTitle "playchess.com"]
[Source "ChessBase"]
[SourceQuality "1"]
[TimeControl "180+2"]

1. e4 c5 2. Nc3 e6 3. g3 a6 4. Bg2 b5 5. Nh3 Bb7 6. d3 d6 7. O-O Nd7 8. f4 Ngf6 9. g4 h5 10. g5 Ng4 11. Nf2 Nxf2 12. Rxf2 g6 13. f5 Ne5 14. fxg6 fxg6 15. Rf6 Qe7 16. Bh3 Bc8 17. Be3 Bg7 18. Rf1 Nf7 19. Qf3 Nxg5 20. Bxg5 Qxg5+ 21. Kh1 Rf8 22. Qe2 Ra7 23. Rxf8+ Kxf8 24. Rg1 Qh4 25. Bf1 Rf7 26. Nd1 Be5 27. Ne3 Rf2 0-1

[Event "Spanish Blitz Championship 2024"]
[Site "Mengibar"]
[Date "2024.08.16"]
[Round "2.4"]
[White "Shirov, Alexei"]
[Black "Cuellar Montes, Alejandro"]
[Result "1/2-1/2"]
[ECO "C54"]
[WhiteElo "2665"]
[BlackElo "2163"]
[Annotator "TA"]
[PlyCount "128"]
[EventDate "2024.08.12"]
[EventType "swiss"]
[EventCountry "ESP"]
[SourceTitle "playchess.com"]
[Source "ChessBase"]
[SourceQuality "1"]
[TimeControl "180+2"]

1. e4 e5 2. Nf3 Nc6 3. Bc4 Bc5 4. c3 Nf6 5. d4 exd4 6. e5 d5 7. Bb5 Ne4 8. cxd4 Bb6 9. Nc3 O-O 10. Be3 {C54: Giuoco Piano: 4 c3 Nf6, main lines with 5 d4 and 5 d3.} Bg4 11. h3 Bh5 12. Qc2 Bg6 13. Qb3 Ne7 14. O-O c6 15. Be2 Nf5 16. Na4 Nxe3 17. Qxe3 Bc7 18. Nc3 f6 19. Rad1 $146 ({Predecessor:} 19. Nxe4 Bxe4 20. Nd2 fxe5 21. Nxe4 dxe4 22. Bc4+ Kh8 23. dxe5 b5 24. Bb3 Bxe5 25. Qxe4 Bxb2 {0-1 Krzyzanowski,M (2509)-Mikhalevski,V (2580) Budapest Spring op 2019 (6)}) 19... Qe7 20. exf6 (20. Bd3 $11) 20... Qxf6 $17 (20... Rxf6 21. Nxe4 Qxe4 (21... Bxe4 22. Bd3 $15) 22. Qxe4 Bxe4 23. Ne5 $19) 21. Nxe4 Bxe4 22. Ne5 Bxe5 23. dxe5 Qxe5 24. f3 Qg3 $1 25. Qb3 $1 Bf5 26. Qxb7 Bxh3 27. Rf2 Rab8 (27... Rac8 $17) 28. Qxc6 $11 Rxb2 (28... Rb6 $1 $11 {remains equal.} 29. Qc5 (29. Qxd5+ Be6 $17) 29... Be6) 29. Qxd5+ $16 Kh8 30. Qc5 Re8 {[#]} (30... Rbb8 $14) 31. Bf1 (31. Qxa7 $1 $16 {[%cal Oa2a4] Threatens to win with a4!} Be6 (31... Rbxe2 $2 {perishes.} 32. Rxe2 Rc8 33. Qe7 $18) 32. a4) 31... Rxf2 $11 (31... Qxf2+ {simplifies} 32. Qxf2 Rxf2 33. Kxf2 Be6) 32. Qxf2 Qxf2+ 33. Kxf2 Be6 34. a4 g6 35. a5 Rc8 36. Re1 Rc2+ 37. Kg3 Bc4 $2 (37... Rc6 $1 $11) 38. Re8+ Kg7 39. Rc8 $2 ({Only move:} 39. Bxc4 $18 Rxc4 40. Re7+ Kh6 41. Rxa7) 39... Bd3 $11 40. Rxc2 Bxc2 41. Kf4 Kf6 42. Ke3 Ke5 43. Bc4 h6 44. f4+ Kd6 45. Kd4 g5 46. g3 gxf4 47. gxf4 Bf5 48. Be2 Bg6 49. Bg4 Bf7 50. f5 h5 51. Bh3 h4 52. Ke4 Kc5 53. Kf4 Kb5 54. Kg5 Kxa5 55. Kxh4 Kb6 56. Kg5 Kc7 57. Kf6 Bb3 58. Ke7 Bc2 $2 (58... a5 $11) 59. f6 Bg6 60. Bf5 Bh5 61. Bc2 a5 62. Bd1 Bg6 63. Kf8 Kd6 64. Ba4 Bf7 1/2-1/2

[Event "Spanish Blitz Championship 2024"]
[Site "Mengibar"]
[Date "2024.08.16"]
[Round "2.5"]
[White "Vioque Gonzalez, Nicolas"]
[Black "Santos Latasa, Jaime"]
[Result "0-1"]
[ECO "C11"]
[WhiteElo "2148"]
[BlackElo "2624"]
[Annotator "ChessBase"]
[PlyCount "132"]
[EventDate "2024.08.12"]
[EventType "swiss"]
[EventCountry "ESP"]
[SourceTitle "playchess.com"]
[Source "ChessBase"]
[SourceQuality "1"]
[TimeControl "180+2"]

1. d4 Nf6 2. Nc3 e6 3. e4 d5 4. Bg5 dxe4 5. Nxe4 Nbd7 6. Nf3 h6 7. Bh4 Be7 8. Nxf6+ Nxf6 9. Bd3 c5 10. dxc5 Qa5+ 11. c3 Qxc5 12. O-O Bd7 13. Qe2 O-O 14. Rad1 Rfd8 15. Ne5 Ba4 16. b3 Be8 17. c4 a5 18. Ng4 Nd7 19. Bxe7 Qxe7 20. Ne5 Nc5 21. Bc2 b6 22. f4 Rxd1 23. Rxd1 Rd8 24. g3 Rd6 25. Bb1 Qd8 26. Rxd6 Qxd6 27. Bc2 Bc6 28. Qd1 Qxd1+ 29. Bxd1 Be4 30. a3 f6 31. b4 axb4 32. axb4 Na6 33. Nd7 Nxb4 34. Nxb6 Na6 35. Na4 Bc6 36. Kf2 Kf7 37. Ke3 Ke7 38. Kd4 Bxa4 39. Bxa4 Kd6 40. Bc2 Nc5 41. h3 Nd7 42. Ba4 e5+ 43. fxe5+ fxe5+ 44. Kc3 Nb6 45. Be8 Kc5 46. Bf7 e4 47. g4 Na4+ 48. Kd2 Kd4 49. h4 g5 50. hxg5 hxg5 51. Bd5 e3+ 52. Ke1 Nb6 53. Be6 Nxc4 54. Ke2 Nd6 55. Bd7 Ne4 56. Bc8 Nc3+ 57. Ke1 Ke4 58. Bf5+ Kf4 59. Bd7 Nd5 60. Ke2 Nf6 61. Bc8 Nxg4 62. Bxg4 Kxg4 63. Kxe3 Kh3 64. Kf2 g4 65. Kg1 Kg3 66. Kh1 Kf2 0-1

[Event "Spanish Blitz Championship 2024"]
[Site "Mengibar"]
[Date "2024.08.16"]
[Round "2.6"]
[White "Alcazar Jimenez, Jesus Alberto"]
[Black "Chigaev, Maksim"]
[Result "0-1"]
[ECO "A10"]
[WhiteElo "2157"]
[BlackElo "2628"]
[Annotator "ChessBase"]
[PlyCount "64"]
[EventDate "2024.08.12"]
[EventType "swiss"]
[EventCountry "ESP"]
[SourceTitle "playchess.com"]
[Source "ChessBase"]
[SourceQuality "1"]
[TimeControl "180+2"]

1. c4 g6 2. Nc3 Bg7 3. Nf3 d6 4. e3 Nf6 5. d4 O-O 6. h3 Nbd7 7. Be2 e5 8. Qc2 exd4 9. exd4 d5 10. O-O dxc4 11. Bxc4 Nb6 12. Bb3 Bf5 13. Qd1 c6 14. Bg5 Qd6 15. Qd2 Ne4 16. Nxe4 Bxe4 17. Ne5 Bd5 18. Bf4 Qd8 19. Bxd5 Nxd5 20. Be3 Nxe3 21. Qxe3 Qd5 22. Rfd1 Rfe8 23. Qc3 Rad8 24. Nf3 Re2 25. b3 h6 26. Re1 Rde8 27. Rxe2 Rxe2 28. a4 c5 29. Qd3 Rb2 30. Re1 Rxb3 31. Qc2 c4 32. Re8+ Kh7 0-1

[Event "Spanish Blitz Championship 2024"]
[Site "Mengibar"]
[Date "2024.08.16"]
[Round "2.7"]
[White "Perez Perez, Gabriel"]
[Black "Pichot, Alan"]
[Result "0-1"]
[ECO "B50"]
[WhiteElo "2170"]
[BlackElo "2638"]
[Annotator "ChessBase"]
[PlyCount "44"]
[EventDate "2024.08.12"]
[EventType "swiss"]
[EventCountry "ESP"]
[SourceTitle "playchess.com"]
[Source "ChessBase"]
[SourceQuality "1"]
[TimeControl "180+2"]

1. e4 c5 2. Nf3 d6 3. Nc3 Nf6 4. d4 cxd4 5. Qxd4 Nc6 6. Bb5 Bd7 7. Bxc6 Bxc6 8. Bg5 e6 9. O-O-O Be7 10. Rhe1 O-O 11. Bxf6 Bxf6 12. Qxd6 Qa5 13. e5 Rfd8 14. Qa3 Qxa3 15. Rxd8+ Rxd8 16. bxa3 Be7 17. Kb2 g5 18. Ne4 h6 19. Re3 Kg7 20. h3 Kg6 21. Nfd2 Rd5 22. Nc3 Rxd2 0-1

[Event "Spanish Blitz Championship 2024"]
[Site "Mengibar"]
[Date "2024.08.16"]
[Round "2.8"]
[White "Khamrakulov, Ibragim S."]
[Black "Vehi Bach, Victor Manuel"]
[Result "1-0"]
[ECO "B22"]
[WhiteElo "2403"]
[BlackElo "2183"]
[Annotator "ChessBase"]
[PlyCount "47"]
[EventDate "2024.08.12"]
[EventType "swiss"]
[EventCountry "ESP"]
[SourceTitle "playchess.com"]
[Source "ChessBase"]
[SourceQuality "1"]
[TimeControl "180+2"]

1. e4 c5 2. c3 Nf6 3. e5 Nd5 4. Bc4 e6 5. Nf3 d6 6. d4 cxd4 7. cxd4 Nb6 8. Bb5+ Bd7 9. Bxd7+ N8xd7 10. Bg5 Be7 11. Bxe7 Qxe7 12. Nc3 O-O 13. O-O dxe5 14. dxe5 Nc5 15. Qe2 Rfd8 16. b4 Nd3 17. a3 Nf4 18. Qe4 Nfd5 19. Nb5 f5 20. exf6 Nxf6 21. Qh4 Rd5 22. Nc3 Rd3 23. Ne4 Nxe4 24. Qxe7 1-0

[Event "Spanish Blitz Championship 2024"]
[Site "Mengibar"]
[Date "2024.08.16"]
[Round "3.1"]
[White "Masague Artero, Guerau"]
[Black "Ibarra Jerez, Jose Carlos"]
[Result "0-1"]
[ECO "A04"]
[WhiteElo "2284"]
[BlackElo "2559"]
[Annotator "ChessBase"]
[PlyCount "68"]
[EventDate "2024.08.12"]
[EventType "swiss"]
[EventCountry "ESP"]
[SourceTitle "playchess.com"]
[Source "ChessBase"]
[SourceQuality "1"]
[TimeControl "180+2"]

1. Nf3 d6 2. d4 Nf6 3. g3 g6 4. Bg2 Bg7 5. O-O O-O 6. b3 b5 7. Nfd2 c6 8. c4 d5 9. Nf3 Bf5 10. Nbd2 Nbd7 11. Bb2 Rb8 12. Nh4 bxc4 13. Nxf5 gxf5 14. Qc2 e6 15. bxc4 Qb6 16. Nb3 Qa6 17. Rfc1 Rb4 18. cxd5 cxd5 19. e3 Rbb8 20. Qc6 Rb6 21. Qc7 Qa4 22. Bf1 Ne4 23. Rc2 Nd6 24. Qc3 Rc8 25. Qd2 Nc4 26. Qc1 Rbc6 27. Bd3 Bf8 28. Kh1 Nf6 29. Qd1 Ne4 30. g4 Nxb2 31. Rxb2 Bb4 32. gxf5 exf5 33. Rc1 Rxc1 34. Nxc1 Qxd1+ 0-1

[Event "Spanish Blitz Championship 2024"]
[Site "Mengibar"]
[Date "2024.08.16"]
[Round "3.2"]
[White "Santos Ruiz, Miguel"]
[Black "Iglesias Ferreira, Andres"]
[Result "1-0"]
[ECO "B52"]
[WhiteElo "2601"]
[BlackElo "2298"]
[Annotator "ChessBase"]
[PlyCount "91"]
[EventDate "2024.08.12"]
[EventType "swiss"]
[EventCountry "ESP"]
[SourceTitle "playchess.com"]
[Source "ChessBase"]
[SourceQuality "1"]
[TimeControl "180+2"]

1. e4 c5 2. Nf3 d6 3. Bb5+ Bd7 4. a4 Nf6 5. Nc3 Nc6 6. O-O g6 7. Re1 Bg7 8. d3 O-O 9. h3 Rc8 10. Bg5 Be6 11. Bc4 Nd7 12. Bxe6 fxe6 13. Bd2 Nd4 14. Nxd4 Bxd4 15. Be3 Bxe3 16. Rxe3 Ne5 17. b3 Qe8 18. Qd2 Qf7 19. Rf1 Qg7 20. Ne2 Nc6 21. Rg3 e5 22. h4 Qf6 23. h5 Kg7 24. f4 Qh4 25. hxg6 hxg6 26. f5 Rh8 27. Rxg6+ Kf7 28. Qg5 Qxg5 29. Rxg5 Nb4 30. Rc1 Rcg8 31. Rxg8 Rxg8 32. Kf2 a6 33. Nc3 Nc6 34. Nd1 Kf6 35. Ne3 Nd4 36. Rh1 Kf7 37. g4 b5 38. axb5 axb5 39. Rh5 Ra8 40. Rh7+ Kg8 41. Rxe7 Nxc2 42. Nxc2 Ra2 43. f6 Rxc2+ 44. Kg3 Rc3 45. g5 Rxd3+ 46. Kg4 1-0

[Event "Spanish Blitz Championship 2024"]
[Site "Mengibar"]
[Date "2024.08.16"]
[Round "3.3"]
[White "Iturrizaga Bonelli, Eduardo"]
[Black "Cesar Maestre, Bernardo"]
[Result "1-0"]
[ECO "A13"]
[WhiteElo "2577"]
[BlackElo "2353"]
[Annotator "ChessBase"]
[PlyCount "51"]
[EventDate "2024.08.12"]
[EventType "swiss"]
[EventCountry "ESP"]
[SourceTitle "playchess.com"]
[Source "ChessBase"]
[SourceQuality "1"]
[TimeControl "180+2"]

1. c4 e6 2. Nf3 d5 3. e3 Nf6 4. b3 Bd6 5. Bb2 O-O 6. Be2 b6 7. O-O Bb7 8. Nc3 a6 9. Qc2 Re8 10. d4 Nbd7 11. Rfd1 Qe7 12. a4 c5 13. cxd5 Nxd5 14. Ne4 Nb4 15. Qc3 Nd5 16. Qc2 Nb4 17. Qc3 Nd5 18. Qd2 cxd4 19. Nxd6 Qxd6 20. Qxd4 e5 21. Qh4 Qg6 22. Qg3 Qc2 23. Rd2 Qxb3 24. Nxe5 Nxe5 25. Bxe5 f6 26. Rb2 1-0

[Event "Spanish Blitz Championship 2024"]
[Site "Mengibar"]
[Date "2024.08.16"]
[Round "3.4"]
[White "Santos Latasa, Jaime"]
[Black "Ingunza Curro, Andres"]
[Result "1-0"]
[ECO "A05"]
[WhiteElo "2624"]
[BlackElo "2313"]
[Annotator "ChessBase"]
[PlyCount "80"]
[EventDate "2024.08.12"]
[EventType "swiss"]
[EventCountry "ESP"]
[SourceTitle "playchess.com"]
[Source "ChessBase"]
[SourceQuality "1"]
[TimeControl "180+2"]

1. Nf3 Nf6 2. c4 e6 3. b3 d5 4. Bb2 Bd6 5. g3 O-O 6. Bg2 b6 7. O-O Bb7 8. cxd5 exd5 9. Nc3 a6 10. Rc1 Nbd7 11. e3 Qe7 12. Ne2 c5 13. d4 Rfd8 14. Nf4 a5 15. Nh4 g6 16. dxc5 Bxf4 17. c6 Ba6 18. exf4 Bxf1 19. cxd7 Bxg2 20. Nxg2 Rxd7 21. Qd4 Rd6 22. Ba3 Rad8 23. Bxd6 Rxd6 24. Re1 Re6 25. Rd1 Qc5 26. Ne3 Rd6 27. Kh1 Qxd4 28. Rxd4 Kf8 29. g4 Rc6 30. g5 Ne4 31. Nxd5 Nc3 32. Nf6 Rc7 33. a3 Nb5 34. Rd8+ Ke7 35. Rd3 Rc6 36. a4 Nd6 37. Re3+ Kd8 38. Rd3 Ke7 39. Nd5+ Kf8 40. Ne3 Ke7 1-0

[Event "Spanish Blitz Championship 2024"]
[Site "Mengibar"]
[Date "2024.08.16"]
[Round "3.5"]
[White "Chigaev, Maksim"]
[Black "Marquez Ruiz, Angel Jesus"]
[Result "1-0"]
[ECO "B30"]
[WhiteElo "2628"]
[BlackElo "2303"]
[Annotator "ChessBase"]
[PlyCount "73"]
[EventDate "2024.08.12"]
[EventType "swiss"]
[EventCountry "ESP"]
[SourceTitle "playchess.com"]
[Source "ChessBase"]
[SourceQuality "1"]
[TimeControl "180+2"]

1. e4 c5 2. Nf3 Nc6 3. Bb5 d6 4. d4 cxd4 5. Qxd4 Qa5+ 6. Nc3 Qxb5 7. Nxb5 Nxd4 8. Nfxd4 Kd8 9. c4 Bd7 10. Be3 Nf6 11. f3 a6 12. Na3 e6 13. Kf2 Be7 14. Rhd1 Ke8 15. Rac1 Rc8 16. Nb3 Ba4 17. Bf4 e5 18. Be3 Kd7 19. Nb1 Ke6 20. Nc3 Rxc4 21. Nxa4 Rxa4 22. a3 b5 23. Rc6 Kd7 24. Rxa6 Rxa6 25. Nc5+ Kc6 26. Nxa6 d5 27. Rc1+ Kd7 28. Rc7+ Ke6 29. Bc5 Bxc5+ 30. Rxc5 dxe4 31. Rxb5 exf3 32. gxf3 Rd8 33. Nc5+ Kf5 34. Ke3 Nd5+ 35. Kf2 Nf4 36. Ne4 Rc8 37. Nd6+ 1-0

[Event "Spanish Blitz Championship 2024"]
[Site "Mengibar"]
[Date "2024.08.16"]
[Round "3.6"]
[White "Pichot, Alan"]
[Black "Moral Garcia, Serafin"]
[Result "1-0"]
[ECO "B85"]
[WhiteElo "2638"]
[BlackElo "2266"]
[Annotator "ChessBase"]
[PlyCount "89"]
[EventDate "2024.08.12"]
[EventType "swiss"]
[EventCountry "ESP"]
[SourceTitle "playchess.com"]
[Source "ChessBase"]
[SourceQuality "1"]
[TimeControl "180+2"]

1. e4 c5 2. Nf3 e6 3. d4 cxd4 4. Nxd4 Nc6 5. Nc3 Qc7 6. Be3 a6 7. Be2 Nf6 8. O-O Be7 9. f4 d6 10. Qe1 O-O 11. Qg3 Nxd4 12. Bxd4 b5 13. a3 Bb7 14. Rae1 Rad8 15. Bd3 Nh5 16. Qg4 e5 17. Qxh5 exd4 18. Nd5 Bxd5 19. Qxd5 Qc5 20. Qb7 Bf6 21. Qxa6 b4 22. a4 Ra8 23. Qb5 Qxb5 24. axb5 Bd8 25. b3 Bb6 26. Ra1 Rfc8 27. Ra6 Rxa6 28. bxa6 Kf8 29. Ra1 Ke7 30. Kf1 Kd7 31. Bc4 f6 32. Ke2 Kc7 33. Kd3 Kb8 34. Ra4 Bc5 35. Ra1 Ka7 36. g4 Re8 37. h4 h6 38. Rg1 Rf8 39. Rg2 Rh8 40. Ke2 Re8 41. Kf3 Rh8 42. g5 hxg5 43. hxg5 Rh3+ 44. Kg4 Re3 45. gxf6 1-0